AoeStats
← Rain

Black Forest

504175769Analyzed
4v4 RM · 28d ago on Sep 4, 2026· 55m 10s· 8 players
Game mode
Random Map
Map size
Large (8 player)
Population
200
Speed
Normal
Resources
Standard
Victory
Conquest
Starting age
Dark Age
Ending age
Imperial Age
RankedLock teamsTeams togetherTeam positionsShared explorationLock speedFull tech treeHidden civsTurbo modeCheats
Victory
Defeat
🇨🇭 Georgians · Switzerland
1251
+13
🇪🇸 Tupi · Spain
1249
+13
🇭🇰 Turks · Hong Kong SAR China
1125
+20
🇭🇰 Saracens · Hong Kong SAR China
1111
+20
🇹🇼 Persians · Taiwan
1217
-18
🇦🇷 Vietnamese · Argentina
1180
-16
🇸🇪 Britons · Sweden
1175
-16
🇮🇳 Celts · India
1174
-16
nikhdy
0:50 Loom
13:09 Feudal Age
14:50 Man-at-Arms
21:10 Castle Age
23:46 Double-Bit Axe
30:24 Scale Mail Armor
32:57 Bow Saw
33:46 Wheelbarrow
38:30 Imperial Age
38:43 Forging
38:47 Pikeman
41:05 Chain Mail Armor
42:30 Plate Mail Armor
43:04 Hand Cart
42:42 Halberdier
45:07 Iron Casting
45:42 Gold Mining
45:43 Stone Mining
46:20 Conscription
47:46 Blast Furnace
48:11 Arson
Vilkian
11:17 Feudal Age
17:17 Castle Age
15:12 Double-Bit Axe
15:34 Horse Collar
16:28 Stone Mining
18:20 Bow Saw
19:18 Loom
20:12 Wheelbarrow
24:18 Gold Mining
25:34 Padded Archer Armor
25:49 Fletching
27:34 Bodkin Arrow
28:16 Hand Cart
27:46 Town Watch
29:04 Heavy Plow
29:54 Ballistics
33:32 Imperial Age
33:36 Elite Rattan Archer
34:58 Hoardings
34:25 Bracer
35:26 Chemistry
36:33 Two-Man Saw
35:54 Leather Archer Armor
36:49 Two-Man Saw
37:44 Ring Archer Armor
40:41 Thumb Ring
40:09 Elite Skirmisher
41:07 Imperial Skirmisher
43:15 Scale Barding Armor
44:06 Bloodlines
43:57 Husbandry
44:19 Chain Barding Armor
43:24 Light Cavalry
45:01 Forging
46:01 Plate Barding Armor
46:45 Caravan
48:51 Iron Casting
Rain
5:46 Loom
10:55 Feudal Age
14:25 Castle Age
12:22 Double-Bit Axe
12:37 Horse Collar
17:51 Bow Saw
18:59 Heavy Plow
19:06 Gold Mining
23:24 Wheelbarrow
23:05 Stone Mining
23:37 Town Watch
25:05 Hand Cart
25:19 Forging
28:04 Bloodlines
27:54 Husbandry
30:44 Imperial Age
28:30 Scale Barding Armor
30:43 Chain Barding Armor
30:21 Cavalier
32:03 Chemistry
31:24 Ballistics
31:42 Gold Shaft Mining
31:45 Stone Shaft Mining
32:20 Conscription
32:40 Hoardings
32:34 Savar
34:49 Crop Rotation
34:50 Crossbowman
35:36 Thumb Ring
37:54 Fletching
38:05 Padded Archer Armor
39:21 Two-Man Saw
38:21 Murder Holes
39:03 Kamandaran
39:16 Bodkin Arrow
39:37 Leather Archer Armor
39:04 Elite War Elephant
43:14 Iron Casting
43:16 Plate Barding Armor
42:08 Elite Skirmisher
42:30 Light Cavalry
43:27 Hussar
48:58 Masonry
50:22 Blast Furnace
49:55 Ring Archer Armor
53:34 Heavy Scorpion
Superhoops
1:51 Loom
12:01 Feudal Age
15:53 Castle Age
13:59 Double-Bit Axe
14:04 Horse Collar
17:53 Heavy Plow
18:07 Bow Saw
23:22 Wheelbarrow
23:03 Stone Mining
30:01 Imperial Age
27:52 Padded Archer Armor
28:04 Gold Mining
28:09 Fletching
29:29 Bodkin Arrow
30:31 Ballistics
31:28 Bracer
32:38 Chemistry
32:24 Leather Archer Armor
33:00 Yeomen
33:53 Crossbowman
35:25 Ring Archer Armor
34:57 Arbalester
agr
1:56 Loom
11:33 Feudal Age
12:20 Double-Bit Axe
14:42 Wheelbarrow
16:33 Town Watch
19:36 Castle Age
17:20 Champi Runner
18:04 Gold Mining
18:23 Horse Collar
26:56 Imperial Age
26:13 Ballistics
25:47 Fletching
26:49 Bow Saw
27:29 Hand Cart
27:49 Champi Warrior
29:40 Chemistry
29:14 Bodkin Arrow
30:21 Squires
31:07 Treadmill Crane
32:52 Murder Holes
33:04 Elite Champi Warrior
34:46 Conscription
35:38 Bracer
37:36 Padded Archer Armor
38:12 Stone Mining
39:39 Forging
39:29 Scale Mail Armor
41:07 Hoardings
42:37 Curare
43:13 Leather Archer Armor
43:38 Elite Blackwood Archer
46:19 Ring Archer Armor
49:03 Heavy Plow
50:04 Two-Man Saw
50:32 Town Patrol
tonytctang
2:57 Loom
11:56 Feudal Age
12:28 Double-Bit Axe
12:26 Horse Collar
18:56 Castle Age
16:52 Stone Mining
19:26 Gold Mining
20:36 Bow Saw
21:24 Heavy Plow
24:35 Wheelbarrow
23:45 Town Watch
27:03 Hand Cart
31:12 Imperial Age
30:09 Forging
32:09 Gold Shaft Mining
32:19 Conscription
32:46 Bloodlines
32:37 Husbandry
33:02 Light Cavalry
33:49 Elite Mameluke
35:28 Scale Barding Armor
35:58 Iron Casting
35:51 Hussar
36:59 Chain Barding Armor
41:14 Two-Man Saw
42:39 Blast Furnace
42:17 Plate Barding Armor
46:45 Fletching
46:56 Padded Archer Armor
46:58 Scale Mail Armor
49:10 Chemistry
48:21 Masonry
48:16 Siege Engineers
48:32 Ballistics
48:22 Fortified Wall
48:08 Murder Holes
47:54 Treadmill Crane
50:10 Onager
henkeriks
5:39 Loom
11:19 Feudal Age
14:48 Castle Age
13:04 Double-Bit Axe
13:39 Horse Collar
21:47 Wheelbarrow
22:44 Bow Saw
25:28 Hand Cart
25:49 Gold Mining
25:50 Stone Mining
29:27 Imperial Age
27:18 Scale Mail Armor
28:04 Heavy Plow
28:19 Masonry
27:43 Pikeman
28:24 Squires
29:16 Chain Mail Armor
29:12 Forging
28:57 Treadmill Crane
29:43 Capped Ram
29:45 Halberdier
30:38 Siege Ram
32:00 Iron Casting
32:00 Plate Mail Armor
32:52 Fortified Wall
32:50 Siege Engineers
34:26 Blast Furnace
34:19 Ballistics
34:59 Chemistry
33:45 Arrowslits
33:55 Fletching
34:32 Svan Towers
34:48 Conscription
35:41 Town Watch
35:49 Guard Tower
36:38 Bodkin Arrow
38:07 Bracer
38:45 Keep
38:41 Architecture
39:30 Light Cavalry
40:20 Bloodlines
40:11 Husbandry
40:33 Scale Barding Armor
40:33 Hussar
42:26 Chain Barding Armor
kit7292001
3:07 Loom
13:40 Feudal Age
14:19 Man-at-Arms
24:24 Castle Age
22:41 Fletching
24:22 Forging
25:00 Crossbowman
25:40 Bodkin Arrow
34:57 Imperial Age
37:46 Wheelbarrow
39:51 Artillery
45:42 Elite Janissary
Connection lost

Rejoining the realm…

Still unreachable

The connection could not be restored.

Session expired

The server has moved on; the page needs a fresh start.